 Dungeon Crawl Stone Soup version 0.21.1-1-g345015f (webtiles) character file.

32923 sking99 the Basher (level 13, -1/80 HPs)
             Began as a Gargoyle Fighter on June 14, 2018.
             Was a High Priest of Okawaru.
             Splashed by an oklob plant's acid (17 damage)
             ... on level 3 of the Lair of Beasts.
             The game lasted 01:35:29 (16895 turns).

sking99 the Basher (Gargoyle Fighter)              Turns: 16895, Time: 01:35:30

Health: -1/80      AC: 25    Str: 24    XL:     13   Next: 67%
Magic:  18/18      EV:  6    Int: 18    God:    Okawaru [*****.]
Gold:   953        SH: 12    Dex:  9    Spells: 12/12 levels left

rFire    + . .     SeeInvis +   Q - +0 morningstar
rCold    + . .     Gourm    +   c - +0 shield
rNeg     + . .     Faith    .   P - +9 plate armour "Zuesuaq" {Slay+2}
rPois    ∞         Spirit   .   O - +0 helmet
rElec    +         Reflect  .   A - scarf {rC+ rF+}
rCorr    .         Harm     .   l - +0 pair of gloves
MR       .....                  o - +1 pair of boots {Stlth+}
Stlth    ..........             B - amulet "Qacot" {Gourm rPois Int+8 SInv}
HPRegen  0.23/turn              (no ring)
MPRegen  0.16/turn              K - ring of wizardry

@: corroded
A: negative energy resistance 1, electricity resistance, unbreathing,
petrification resistance, rot immunity, AC +9
a: Heroism, Finesse, Renounce Religion


You were on level 3 of the Lair of Beasts.
You worshipped Okawaru.
Okawaru was extremely pleased with you.
You were not hungry.

You visited 2 branches of the dungeon, and saw 13 of its levels.
You also visited: Ossuary.

You collected 1153 gold pieces.
You spent 200 gold pieces at shops.

Inventory:

Hand Weapons
 a - a +1 flail
 e - a cursed -2 mace
 J - a +0 mace
 Q - a +0 morningstar (weapon)
Armour
 c - a +0 shield (worn)
 l - a +0 pair of gloves (worn)
 o - a +1 pair of boots of stealth (worn)
 s - a +0 pair of boots
 A - a scarf of resistance (worn)
 O - a +0 helmet (worn)
 P - the +9 plate armour "Zuesuaq" (worn) {Slay+2}
   (Okawaru gifted it to you on level 10 of the Dungeon)

   It affects your accuracy and damage with ranged weapons and melee attacks
   (+2).
Jewellery
 B - the amulet "Qacot" (around neck) {Gourm rPois Int+8 SInv}
   (You acquired it on level 1 of the Lair of Beasts)

   [amulet of the gourmand]

   It allows you to eat raw meat even when not hungry.
   It affects your intelligence (+8).
   It protects you from poison.
   It lets you see invisible.
 K - a ring of wizardry (right hand)
 V - an uncursed amulet of guardian spirit
Wands
 v - a wand of disintegration (11)
 G - a wand of random effects (54)
 T - a wand of acid (11)
 U - a wand of flame (9)
 X - a wand of polymorph (34)
Scrolls
 b - a scroll of identify
 h - 2 scrolls of fog
 q - a scroll of vulnerability {unknown}
 u - 8 scrolls of remove curse
 w - 3 scrolls of fear
 F - 3 scrolls of enchant armour
 H - 2 scrolls of amnesia
 R - a scroll of blinking
 W - 4 scrolls of enchant weapon
Potions
 d - 2 potions of might
 g - 2 potions of ambrosia
 i - 2 potions of heal wounds
 j - a potion of cancellation
 k - 7 potions of haste
 m - 2 potions of mutation
 n - 2 potions of lignification
 p - 8 potions of curing
 r - 4 potions of flight
 x - 2 potions of invisibility
 D - 3 potions of agility
 M - a potion of magic
 S - a potion of brilliance {unknown}
 Z - a potion of resistance
Miscellaneous
 f - a fan of gales
Comestibles
 N - 18 rations


   Skills:
 + Level 9.4 Fighting
 + Level 14.7 Maces & Flails
   Level 0.4 Slings
 + Level 8.6 Armour
 - Level 0.6 Stealth
 + Level 11.8 Shields
 - Level 7.0 Invocations
 * Level 5.4 Evocations


You had 12 spell levels left.
You didn't know any spells.

Dungeon Overview and Level Annotations

Branches:
Dungeon (10/15)            Temple (0/1) D:7            Lair (3/6) D:8
  Swamp (0/4) Lair:3       Spider (0/4) Lair:3          Orc (0/2) D:10

Altars:
Cheibriados
Fedhas
Hepliaklqana
Kikubaaqudgha
Makhleb
Nemelex Xobeh
Okawaru
Ru
Uskayaw
Vehumet
Xom
The Shining One

Shops:
D:5 *   D:6 *   D:7 !:(   D:9 (

Annotations:
D:10 2 transporters
Lair:3 exclusion: 2 oklob plants


Innate Abilities, Weirdness & Mutations

You are resistant to torment.
Your stone body is resilient. (AC +9)
You are immune to poison.
You resist negative energy. (rN+)
You are resistant to electric shocks. (rElec)
You can survive without breathing.
You are immune to petrification.
You are immune to rotting.


Message History

You hit the oklob plant.
The oklob plant is lightly damaged.
You hit the oklob plant but do no damage.
The oklob plant is lightly damaged.
You hit the oklob plant but do no damage.
The oklob plant is lightly damaged.
You sock the oklob plant!
The oklob plant is lightly damaged.
The oklob plant spits acid at you. The splash of acid hits you!
The acid corrodes you!
You are splashed with acid!
The acid burns!
Okay, then.
Okay, then.
The oklob plant spits acid at you. The splash of acid hits you!
You are splashed with acid!
The acid burns!
* * * LOW HITPOINT WARNING * * *
The oklob plant spits acid at you. The splash of acid hits you!
The acid corrodes you!
You are splashed with acid!
The acid burns!
You die...

##### ##P#P### .......###
.........## ###### ...##.....#
#.P[P# .#........###[$$.#
.##........##....#####
......#....##..=@#.#.########
....###.....#...P#.......P#P#
..###.......................# ##
###.........................####.
#.....#.⌠...!....................
..#...#.....................###..
...#..........#..P.....###..####.
#..#....#.......###...## ##..##..
.##...............#...####P..#.#.


You could see 2 oklob plants.

Vanquished Creatures
  Gastronok (D:10)
  A fire dragon (Lair:2)
  Fannar (Lair:1)
  2 hydras
  The ghost of nicolaieve the Severer, a journeyman MiBe of Trog (D:10)
  Erica (D:9)
  6 two-headed ogres
  A necromancer (Lair:2)
  Pikel (D:4)
  An orb spider (Lair:3)
  An oklob plant (Lair:3)
  5 elephants (Lair:2)
  A manticore (Lair:3)
  Joseph (D:7)
  5 spiny frogs
  A gargoyle (D:10)
  2 komodo dragons
  2 rime drakes (Lair:3)
  A queen bee (Lair:3)
  2 trolls (D:9)
  A polar bear (Lair:3)
  5 hippogriffs
  4 blink frogs
  15 yaks
  3 fire bats (Lair:3)
  4 wyverns
  4 basilisks
  A steam dragon (Lair:3)
  Grum (D:9)
  2 hungry ghosts
  4 swamp worms (Lair:3)
  Menkaure (D:4)
  6 water moccasins
  8 porcupines
  An orc warrior (D:6)
  4 ice beasts
  An eye of draining (D:9)
  2 phantoms
  A necrophage (D:10)
  4 wolves (D:9)
  5 centaurs
  8 crocodiles
  8 ogres
  An elf zombie (Ossuary)
  A big kobold (D:10)
  13 bullfrogs
  A gnoll sergeant (D:5)
  A wyvern skeleton (D:5)
  A troll zombie (Ossuary)
  5 scorpions
  29 killer bees
  An electric eel (Lair:3)
  2 howler monkeys
  6 crimson imps
  A centaur zombie (Ossuary)
  A quasit (D:9)
  Crazy Yiuf (D:6)
  3 jellies
  2 bullfrog skeletons
  2 human zombies (Ossuary)
  3 orc priests
  8 hounds
  7 orc wizards
  3 centaur skeletons
  Ijyb (D:5)
  2 hell rats (Lair:3)
  5 iguanas
  9 worker ants
  4 yak simulacra (Lair:2)
  A polar bear simulacrum (Lair:2)
  2 wolf simulacra (Lair:2)
  3 ogre zombies (Ossuary)
  A hound skeleton (D:10)
  7 mummies (Ossuary)
  A worker ant zombie (D:9)
  20 adders
  5 gnolls
  2 shadow imps
  2 oozes
  7 adder skeletons
  8 adder zombies (Ossuary)
  A worm (D:2)
  9 dart slugs (D:3)
  12 leopard geckos
  27 orcs
  3 ball pythons
  6 giant cockroaches
  6 goblins
  4 hobgoblins
  10 jackals
  10 kobolds
  11 quokkas
  12 bats
  9 frilled lizards
  4 goblin zombies (Ossuary)
  3 hobgoblin zombies (Ossuary)
  A kobold zombie (Ossuary)
  5 quokka zombies
  6 rats
  2 rat zombies (Ossuary)
  4 river rat simulacra (Lair:2)
  2 fungi (D:8)
449 creatures vanquished.

Vanquished Creatures (others)
  An orc warrior (D:7)
  A slave (D:4)
  A hound (D:7)
  An orc wizard (D:4)
  A worker ant (D:4)
  A leopard gecko (D:7)
  4 orcs (D:4)
  A quokka (D:4)
  6 fungi (D:8)
  9 plants
26 creatures vanquished.

Grand Total: 475 creatures vanquished

Notes
Turn   | Place    | Note
-------+----------+-------------------------------------------
     0 | D:1      | sking99 the Gargoyle Fighter began the quest for the Orb.
     0 | D:1      | Reached XP level 1. HP: 14/14 MP: 1/1
    90 | D:1      | Reached XP level 2. HP: 16/19 MP: 2/2
   147 | D:1      | Found an iron altar of Okawaru.
   177 | D:1      | Became a worshipper of Warmaster Okawaru
   370 | D:1      | Reached XP level 3. HP: 23/24 MP: 3/3
   769 | D:2      | Reached skill level 3 in Maces & Flails
   769 | D:2      | Reached XP level 4. HP: 27/29 MP: 4/4
  1220 | D:2      | Found a sacrificial altar of Ru.
  1453 | D:3      | Reached XP level 5. HP: 27/33 MP: 5/5
  1477 | D:3      | Reached * piety under Okawaru
  1860 | D:3      | Reached skill level 4 in Maces & Flails
  2451 | D:4      | Noticed Menkaure
  2886 | D:4      | Noticed an ogre
  2891 | D:4      | Killed an ogre
  2891 | D:4      | Reached XP level 6. HP: 27/38 MP: 6/6
  3062 | D:4      | Reached skill level 5 in Maces & Flails
  3194 | D:4      | Reached skill level 5 in Shields
  3403 | D:4      | Noticed a slave
  3404 | D:4      | Noticed a slave
  3405 | D:4      | Noticed a slave
  3405 | D:4      | Noticed a slave
  3406 | D:4      | Noticed Pikel
  3428 | D:4      | Reached XP level 7. HP: 22/43 MP: 4/7
  3461 | D:4      | Killed Pikel
  3461 | D:4      | Reached ** piety under Okawaru
  3461 | D:4      | Reached skill level 6 in Maces & Flails
  3461 | D:4      | Reached XP level 8. HP: 18/48 MP: 5/8
  3758 | D:4      | HP: 2/48 [scorpion (3)]
  3761 | D:4      | Reached skill level 7 in Maces & Flails
  3765 | D:4      | HP: 2/48 [Menkaure/nerve-wracking pain (1)]
  4057 | D:4      | Killed Menkaure
  4233 | D:5      | Entered Level 5 of the Dungeon
  4309 | D:5      | Found Konaesmu's General Store.
  4311 | D:5      | Noticed Ijyb
  4336 | D:5      | Killed Ijyb
  4384 | D:5      | Found a sand-covered staircase.
  4389 | Ossuary  | Entered an ossuary
  4572 | Ossuary  | Reached skill level 5 in Fighting
  4883 | Ossuary  | Reached skill level 8 in Maces & Flails
  5213 | D:5      | Reached XP level 9. HP: 46/54 MP: 9/9
  5327 | D:5      | Reached skill level 5 in Armour
  5595 | D:5      | Reached skill level 9 in Maces & Flails
  5715 | D:5      | Reached *** piety under Okawaru
  5842 | D:5      | Bought a potion of curing for 36 gold pieces
  6646 | D:6      | Reached skill level 10 in Maces & Flails
  6752 | D:6      | Found Dunkiar's Elemental Accessories.
  6827 | D:6      | Found a runed door.
  6994 | D:6      | Noticed Crazy Yiuf
  7005 | D:6      | Killed Crazy Yiuf
  7042 | D:7      | Found a shimmering altar of Xom.
  7173 | D:7      | Noticed Joseph
  7228 | D:7      | HP: 2/55 [ogre/giant club (7)]
  7761 | D:7      | Killed Joseph
  7761 | D:7      | Reached **** piety under Okawaru
  7761 | D:7      | Reached XP level 10. HP: 49/60 MP: 10/10
  8288 | D:7      | Found a staircase to the Ecumenical Temple.
  8300 | D:7      | Found Riyseoci's Book Shop.
  8433 | D:7      | Found Balosur's Distillery.
  8438 | D:7      | Bought a potion of berserk rage for 60 gold pieces
  8724 | D:7      | Found Gygrit's Antique Weapon Shoppe.
  8801 | D:8      | Noticed a two-headed ogre
  8818 | D:8      | Killed a two-headed ogre
  8818 | D:8      | Reached skill level 11 in Maces & Flails
  8849 | D:8      | Found a staircase to the Lair.
  8873 | D:8      | Noticed a two-headed ogre
  8887 | D:8      | Killed a two-headed ogre
  8887 | D:8      | Reached ***** piety under Okawaru
  9258 | D:8      | Reached skill level 1 in Invocations
  9461 | D:8      | Found a radiant altar of Vehumet.
  9463 | D:8      | Found a snail-covered altar of Cheibriados.
  9466 | D:8      | Found a hide-covered altar of Uskayaw.
  9467 | D:8      | Found a blossoming altar of Fedhas.
  9468 | D:8      | Found a glowing golden altar of the Shining One.
  9468 | D:8      | Found a hazy altar of Hepliaklqana.
  9468 | D:8      | Found an iron altar of Okawaru.
  9469 | D:8      | Found a sparkling altar of Nemelex Xobeh.
  9470 | D:8      | Found an ancient bone altar of Kikubaaqudgha.
  9471 | D:8      | Found a burning altar of Makhleb.
  9905 | D:9      | Noticed a two-headed ogre
  9916 | D:9      | Killed a two-headed ogre
  9916 | D:9      | Received a gift from Okawaru
  9916 | D:9      | Reached skill level 12 in Maces & Flails
  9916 | D:9      | Reached skill level 1 in Evocations
  9916 | D:9      | Reached XP level 11. HP: 65/66 MP: 8/12
 10168 | D:9      | Noticed Grum
 10205 | D:9      | Killed Grum
 10487 | D:9      | Noticed a two-headed ogre
 10676 | D:9      | Killed a two-headed ogre
 11052 | D:9      | Noticed Erica
 11070 | D:9      | Killed Erica
 11182 | D:9      | Found Goipt's Antique Weapon Boutique.
 11192 | D:9      | Bought a morningstar for 104 gold pieces
 11592 | D:10     | Entered Level 10 of the Dungeon
 11600 | D:10     | Noticed a two-headed ogre
 11610 | D:10     | Killed a two-headed ogre
 11626 | D:10     | Found a transporter.
 11629 | D:10     | Noticed an ogre mage
 11629 | D:10     | Noticed a sea snake
 11629 | D:10     | Noticed a death drake
 11629 | D:10     | a sea snake changed into a death drake
 11630 | D:10     | Noticed a cyclops
 11633 | D:10     | Noticed a shining eye
 11633 | D:10     | a death drake changed into a shining eye
 11639 | D:10     | Noticed a swamp dragon
 11639 | D:10     | a shining eye changed into a swamp dragon
 11644 | D:10     | Noticed a mana viper
 11644 | D:10     | a swamp dragon changed into a mana viper
 11645 | D:10     | Noticed a deep troll
 11645 | D:10     | a mana viper changed into a deep troll
 11646 | D:10     | Noticed a glowing shapeshifter
 11646 | D:10     | a deep troll changed into a glowing shapeshifter
 11647 | D:10     | Noticed a shining eye
 11647 | D:10     | a glowing shapeshifter changed into a shining eye
 11652 | D:10     | Found an iron altar of Okawaru.
 11667 | D:10     | Noticed Gastronok
 11686 | D:10     | Killed Gastronok
 11686 | D:10     | Received a gift from Okawaru
 11686 | D:10     | Reached skill level 13 in Maces & Flails
 11686 | D:10     | Reached skill level 10 in Shields
 11686 | D:10     | Reached XP level 12. HP: 23/73 MP: 13/15
 11689 | D:10     | Got a pitted plate armour {god gift}
 11700 | D:10     | Identified the +9 plate armour "Zuesuaq" {Slay+2} (Okawaru gifted it to you on level 10 of the Dungeon)
 11711 | D:10     | Noticed nicolaieve's ghost (journeyman MiBe)
 11944 | D:10     | Killed nicolaieve's ghost
 11949 | D:10     | Noticed a two-headed ogre
 11958 | D:10     | Killed a two-headed ogre
 11958 | D:10     | Reached skill level 5 in Invocations
 12343 | D:10     | Found a staircase to the Orcish Mines.
 12538 | D:10     | Found a transporter.
 12551 | D:10     | Noticed an alligator
 12551 | D:10     | a wolf spider changed into an alligator
 12555 | D:10     | Noticed a great orb of eyes
 12555 | D:10     | an alligator changed into a great orb of eyes
 12616 | Lair:1   | Entered Level 1 of the Lair of Beasts
 12910 | Lair:1   | Noticed Fannar
 12939 | Lair:1   | Killed Fannar
 13377 | Lair:1   | Identified a scroll of acquirement
 13378 | Lair:1   | Got a slimy emerald amulet
 13381 | Lair:1   | Identified the amulet "Qacot" {Gourm rPois Int+8 SInv} (You acquired it on level 1 of the Lair of Beasts)
 13988 | Lair:2   | Noticed a six-headed hydra
 14004 | Lair:1   | Killed a six-headed hydra
 14004 | Lair:1   | Reached skill level 14 in Maces & Flails
 14031 | Lair:2   | Reached XP level 13. HP: 64/79 MP: 18/18
 14077 | Lair:2   | Reached ****** piety under Okawaru
 14101 | Lair:2   | Received a gift from Okawaru
 14443 | Lair:2   | Noticed a fire dragon
 14462 | Lair:2   | Killed a fire dragon
 14722 | Lair:3   | Found a hole to the Spider Nest.
 15614 | Lair:3   | Reached skill level 5 in Evocations
 16564 | Lair:3   | Found a staircase to the Swamp.
 16895 | Lair:3   | Splashed by an oklob plant's acid

Skill      XL: |  1  2  3  4  5  6  7  8  9 10 11 12 13 |
---------------+----------------------------------------+-----
Shields        | 4 5 6 8 9 10 11 | 11.8
Maces & Flails | 3 4 5 6 8 10 12 13 14 | 14.7
Fighting       | 4 5 6 7 8 9 |  9.4
Armour         | 4 5 6 7 8 |  8.6
Invocations    | 1 4 6 7 |  7.0
Evocations     | 1 4 5 |  5.4
Slings         | |  0.4
Stealth        | |  0.6

Action                   |  1- 3 |  4- 6 |  7- 9 | 10-12 | 13-15 || total
-------------------------+-------+-------+-------+-------+-------++-------
Melee: Flail             |   111 |   332 |   704 |   549 |       ||  1696
       Morningstar       |       |       |       |   400 |   470 ||   870
 Fire: Hunting sling     |       |       |     3 |       |       ||     3
Invok: Heroism           |       |     1 |     3 |    13 |     4 ||    21
       Finesse           |       |       |       |     2 |     2 ||     4
Evoke: Wand              |       |       |       |       |     1 ||     1
  Use: Scroll            |       |     5 |     7 |    16 |       ||    28
       Potion            |       |       |     1 |     1 |     1 ||     3
 Stab: Distracted        |       |       |       |     1 |       ||     1
  Eat: Ration            |       |     3 |     4 |     6 |       ||    13
       Chunk             |       |       |       |     5 |    11 ||    16
Armor: Scale mail        |    56 |    31 |       |       |       ||    87
       Plate armour      |       |   204 |   367 |   486 |   305 ||  1362
Dodge: Dodged            |    51 |    50 |   107 |   138 |   133 ||   479
Block: Shield            |    70 |   184 |   338 |   464 |   319 ||  1375
